 Dungeon Crawl Stone Soup version 0.17.1-3-g152610e (webtiles) character file.

213008 MrTails the Severer (level 17, -3/129 HPs)
             Began as a Demonspawn Berserker on Feb 24, 2016.
             Was the Champion of Trog.
             Slain by a very large slime creature (9 damage)
             ... on level 8 of the Lair of Beasts.
             The game lasted 02:08:35 (27363 turns).

MrTails the Severer (Demonspawn Berserker)         Turns: 27363, Time: 02:08:37

Health: -3/129     AC: 28    Str: 27      XL:     17   Next: 79%
Magic:  17/17      EV: 10    Int:  9 (10) God:    Trog [******]
Gold:   1648       SH:  2    Dex:  7 (8)  Spells: 0 memorised, 16 levels left

rFire  + + .     SeeInvis +     B - +6 broad axe (flame)
rCold  + . .     Rnd*Rage +     o - +9 plate armour {rC+}
rNeg   + + .     SustAt   .     n - +0 buckler {rPois}
rPois  +         Gourm    .     j - +1 helmet
rElec  +         Spirit   .     F - +2 cloak
rCorr  +         Warding  .     (gloves unavailable)
rMut   .         Rnd*Tele +     w - +2 pair of boots
MR     +....                    M - amulet of Fexteops {Faith Str+4}
Stlth  ..........               s - ring "Jureacie" {rElec rC- rN++ EV+3 Stlth-}
                                a - +4 ring of slaying

@: exhausted, resistant, corroded equipment, slowed, very slow, somewhat
resistant to hostile enchantments, extremely unstealthy
A: claws 3, rough black scales 3, see invisible, berserk 2, clumsy 1, deformed
body, fire resistance 1, frail 1, sense surroundings 2, poison resistance,
powered by death 2, electricity resistance, teleportitis 1, augmentation 2
a: Berserk, Trog's Hand, Brothers in Arms, Burn Spellbooks, Renounce Religion
}: 2/15 runes: decaying, gossamer


You were on level 8 of the Lair of Beasts.
You worshipped Trog.
Trog was exalted by your worship.
You were near starving.

You visited 6 branches of the dungeon, and saw 33 of its levels.
You also visited: Sewer.

You collected 3013 gold pieces.
You spent 1365 gold pieces at shops.

Inventory:

Hand Weapons
 B - a +6 broad axe of flaming (weapon)
 N - the +7 battleaxe of Yphemmon {venom, MR++}
   (Trog gifted it to you on level 2 of the Lair of Beasts)

   It poisons the flesh of those it strikes.
   It affects your resistance to hostile enchantments.
Armour
 j - a +1 helmet (worn)
 n - a +0 buckler of poison resistance (worn)
 o - a +9 plate armour of cold resistance (worn)
 w - a +2 pair of boots (worn)
 F - a +2 cloak (worn)
Jewellery
 a - a +4 ring of slaying (left claw)
 h - an uncursed ring of sustain attributes
 s - the ring "Jureacie" (right claw) {rElec rC- rN++ EV+3 Stlth-}
   (You found it on level 4 of the Lair of Beasts)

   [ring of evasion]

   It affects your evasion (+3).
   It makes you vulnerable to cold.
   It insulates you from electricity.
   It greatly protects you from negative energy.
   It makes you less stealthy.
 v - a +5 ring of strength
 D - a +3 ring of protection
 M - the amulet of Fexteops (around neck) {Faith Str+4}
   (You found it on level 3 of the Spider Nest)

   [amulet of faith]

   It allows you to gain divine favour quickly.
   It affects your strength (+4).
 T - an uncursed amulet of resist corrosion
Wands
 g - a wand of teleportation (4)
 y - a wand of teleportation (4)
 J - a wand of fire (3)
 R - a wand of magic darts (21)
 S - a wand of confusion (18)
 V - a wand of slowing (22)
Scrolls
 e - a scroll of blinking
 k - 5 scrolls of fear
 m - 11 scrolls of remove curse
 q - 24 scrolls of identify
 r - a scroll of fog
 E - 14 scrolls of teleportation
 H - a scroll of acquirement
 O - 3 scrolls of recharging
 Q - 6 scrolls of magic mapping
Potions
 f - 10 potions of curing
 i - 4 potions of brilliance
 p - 3 potions of flight
 u - 4 potions of haste
 x - 5 potions of agility
 z - 5 potions of might
 C - a potion of invisibility
 G - 2 potions of cure mutation
 I - 2 potions of magic
Books
 b - a book of Debilitation

   Spells                             Type                      Level
   a - Corona                         Hexes                        1
   b - Slow                           Hexes                        2
   c - Gell's Gravitas                Hexes/Translocation          3
   d - Inner Flame                    Hexes/Fire                   3
   e - Cause Fear                     Hexes                        4
   f - Leda's Liquefaction            Hexes/Earth                  4
   Trog disapproves of the use of such an item.
 l - The Foundations of Spellweaving
   (You found it on level 8 of the Lair of Beasts)

   Spells                             Type                      Level
   a - Regeneration                   Charms/Necromancy            3
   b - Tukima's Dance                 Hexes                        3
   c - Inner Flame                    Hexes/Fire                   3
   d - Recall                         Summoning/Translocation      3
   e - Teleport Other                 Translocation                3
   Trog disapproves of the use of such an item.
 P - a book of Envenomations

   Spells                             Type                      Level
   a - Spider Form                    Transmutation/Poison         3
   b - Alistair's Intoxication        Transmutation/Poison         4
   c - Olgreb's Toxic Radiance        Poison                       4
   d - Poisonous Cloud                Conjuration/Poison/Air       6
   Trog disapproves of the use of such an item.
Comestibles
 c - 23 bread rations
 d - 12 beef jerkies
 A - 2 meat rations


   Skills:
 + Level 16.1 Fighting
 * Level 20.1 Axes
 + Level 14.8 Armour
 - Level 1.7 Dodging


You had 16 spell levels left.
You didn't know any spells.

Dungeon Overview and Level Annotations

Branches:
Dungeon (12/15)            Temple (0/1) D:5            Lair (8/8) D:8
  Swamp (4/4) Lair:4       Spider (4/4) Lair:4        Slime (1/6) Lair:8
    Orc (4/4) D:12
    Elf: Orc:3-4

Altars:
Cheibriados
Dithmenos
Elyvilon
Kikubaaqudgha
Makhleb
Nemelex Xobeh
Okawaru
Qazlal
Ru
Trog
Vehumet
Zin

Shops:
D:5 [   D:7 [   D:11 }   Orc:1 ?   Orc:2 ?   Orc:4 =(*[*

Portals:
Trove: D:10 (give +6 demon blade)

Annotations:
D:10 exclusions: ice statue and orange crystal statue


Innate Abilities, Weirdness & Mutations

You have claws for hands.
You are completely covered in rough black scales (AC +10, Dex -3).
Your flesh is heat resistant.
You regenerate health from kills.
Your magical and physical power is enhanced at high health.
You have supernaturally acute eyesight.
You often lose your temper in combat.
You are clumsy. (Dex -2)
Armour fits poorly on your strangely shaped body.
You are frail (-10% HP).
You passively map the area around you.
Your system is resistant to poisons.
You are resistant to electric shocks.
You are occasionally teleported next to monsters.


Message History

You climb upwards.
Welcome back to the Lair of Beasts!
There is a staircase to the Slime Pits here.
You can't go up here!
Eat which item? (? for menu, Esc to quit)
Okay, then.
Drink which item? (? for menu, Esc to quit)
You feel better. The jelly hits you but does no damage.
The very large slime creature misses you.
The golden eye blinks at you. You resist with some effort.
The slime creature hits you but does no damage.
The acid blob spits acid at you. The splash of acid hits you! You resist.
* * * LOW HITPOINT WARNING * * *
The acid burns!
You resist.
* * * LOW HITPOINT WARNING * * *
The slime creature hits you.
* * * LOW HITPOINT WARNING * * *
The jelly completely misses you. The very large slime creature hits you!
You die...

.....P...#######..............<..
#........#..# #.#........##..P...
##..........####..........#.P....
.###P..##...##............P.P....
..##........###.........P........
...............(.(...........PP..
.P...........................P...
...............JJJ..........P....
...............G@J.........PP....
...............GJG.........PPP...
..........................PPPP...
...........................PPP...
................!................
.................................
.................................
.................................
.................................


You could see an acid blob, a very large slime creature, 2 slime creatures, 2
shining eyes, a jelly and a golden eye.

Vanquished Creatures
  Saint Roka (Orc:4)
  Rupert (Spider:1)
  2 thorn hunters
  Kirke (D:12)
  Roxanne (Swamp:2)
  Donald (Orc:3)
  4 ghost moths (Spider:4)
  Maud (Lair:3)
  Louise (Swamp:2)
  5 emperor scorpions
  An orc warlord (Orc:4)
  A very ugly thing (Swamp:1)
  The ghost of bl4d3 the Warrior, a journeyman GrFi of Trog (Swamp:2)
  Fannar (Lair:1)
  17 hydras
  4 entropy weavers
  4 ghost crabs
  Erica (Lair:2)
  9 alligators
  11 death yaks
  4 orc high priests (Orc:4)
  Urug (D:11)
  Nergalle (D:10)
  3 skeletal warriors (D:12)
  4 spriggan druids
  10 swamp dragons
  2 shambling mangroves
  5 hill giants
  4 orc knights
  17 orb spiders
  25 wolf spiders
  A cyclops (D:11)
  A moth of wrath (Spider:4)
  An oklob plant (Lair:6)
  A griffon (Lair:7)
  4 ugly things
  5 orc sorcerers
  11 hornets
  A guardian serpent (Lair:8)
  13 black mambas
  17 spiny frogs
  6 elephants (Lair:7)
  A gargoyle (D:11)
  9 demonic crawlers
  A yaktaur (D:12)
  2 fire drakes
  8 komodo dragons
  A troll (Orc:2)
  22 jumping spiders
  7 giant leeches
  The ghost of MrTails the Chopper, an amateur DsBe of Trog (D:3)
  A freezing wraith (D:12)
  Grinder (D:6)
  23 slime creatures
  30 blink frogs
  4 bog bodies
  2 boulder beetles
  24 trapdoor spiders
  43 redbacks
  A vampire (D:11)
  3 wyverns
  A deep elf mage (D:10)
  10 spriggans
  A basilisk (Lair:6)
  24 vampire mosquitoes
  3 golden eyes (Slime:1)
  3 shadows
  36 yaks
  7 hogs
  A human (D:11)
  5 wolves (Lair:7)
  27 tarantellas
  3 hungry ghosts
  25 swamp worms
  5 hippogriffs
  Edmund (D:4)
  8 porcupines
  2 wargs
  14 insubstantial wisps
  20 water moccasins
  15 wasps
  A necrophage (D:12)
  12 swamp drakes
  32 orc warriors
  4 ice beasts
  29 spiders
  2 phantoms (D:4)
  2 sky beasts
  22 crocodiles
  6 ogres
  2 centaurs
  18 giant frogs
  2 big kobolds
  A wyvern zombie (D:6)
  5 scorpions
  A wyvern skeleton (D:11)
  4 killer bees (D:11)
  5 electric eels
  19 wights
  3 crimson imps
  2 centaur zombies
  4 jellies
  26 orc wizards
  Crazy Yiuf (D:3)
  3 giant frog skeletons
  19 orc priests
  4 hounds
  A centaur skeleton (D:5)
  4 hell rats (Lair:6)
  12 iguanas
  6 sheep (D:11)
  10 worker ants
  2 hound zombies
  2 hound skeletons
  2 worker ant zombies
  4 gnolls (D:4)
  94 river rats
  A shadow imp (D:6)
  21 adders
  2 oozes (Sewer)
  An adder skeleton (D:5)
  2 worms (D:2)
  9 giant geckos
  136 orcs
  8 giant cockroaches
  10 hobgoblins
  23 kobolds
  6 quokkas
  4 ball pythons
  12 bats
  4 giant newts
  8 goblins
  5 jackals
  2 quokka zombies (D:8)
  20 rats
  9 fungi
  13 plants
1262 creatures vanquished.

Vanquished Creatures (collateral kills)
  A hydra (D:12)
  A hungry ghost (D:12)
  A wight (D:12)
  A centaur skeleton (D:12)
  A hound (D:12)
  A shadow imp (D:12)
6 creatures vanquished.

Vanquished Creatures (others)
  A ghost moth (Spider:4)
  2 alligators
  A spriggan (Swamp:3)
  A tarantella (Spider:4)
  A swamp worm (Swamp:3)
  A swamp drake (Swamp:1)
  A wasp (Swamp:3)
  A river rat (Lair:4)
  6 fungi
  2 plants (Lair:8)
17 creatures vanquished.

Grand Total: 1285 creatures vanquished

Notes
Turn   | Place    | Note
--------------------------------------------------------------
     0 | D:1      | MrTails the Demonspawn Berserker began the quest for the Orb.
     0 | D:1      | Reached XP level 1. HP: 18/18 MP: 1/1
   306 | D:1      | Gained mutation: You have sharp fingernails. [demonic ancestry]
   306 | D:1      | Reached XP level 2. HP: 17/24 MP: 2/2
  1032 | D:2      | Reached ** piety under Trog
  1032 | D:2      | Gained mutation: You regenerate a little health from kills. [demonic ancestry]
  1032 | D:2      | Reached XP level 3. HP: 15/29 MP: 3/3
  1305 | D:2      | Gained mutation: You are partially covered in rough black scales (AC +4, Dex -1). [demonic ancestry]
  1305 | D:2      | Reached XP level 4. HP: 36/36 MP: 4/4
  1399 | D:3      | Noticed MrTails's ghost (amateur DsBe)
  1424 | D:3      | Killed MrTails's ghost
  1424 | D:3      | Reached skill level 4 in Fighting
  1424 | D:3      | Reached XP level 5. HP: 40/42 MP: 5/5
  1424 | D:3      | Gained mutation: You have very sharp fingernails. [demonic ancestry]
  1424 | D:3      | Reached XP level 6. HP: 45/48 MP: 6/6
  1698 | D:3      | Noticed Crazy Yiuf
  1705 | D:3      | Killed Crazy Yiuf
  1911 | D:3      | Reached *** piety under Trog
  2027 | D:4      | Reached skill level 5 in Axes
  2089 | D:4      | Gained mutation: You are mostly covered in rough black scales (AC +7, Dex -2). [demonic ancestry]
  2089 | D:4      | Reached XP level 7. HP: 55/55 MP: 7/7
  2205 | D:4      | Found a glowing drain.
  2254 | Sewer    | Entered a sewer
  2617 | D:4      | Reached skill level 5 in Fighting
  2617 | D:4      | Reached skill level 6 in Axes
  2845 | D:4      | Found a sparkling altar of Nemelex Xobeh.
  2852 | D:4      | Gained mutation: You regenerate health from kills. [demonic ancestry]
  2852 | D:4      | Reached XP level 8. HP: 63/63 MP: 8/8
  2871 | D:4      | Noticed Edmund
  2874 | D:4      | Reached **** piety under Trog
  2892 | D:4      | Killed Edmund
  2898 | D:4      | Reached skill level 7 in Axes
  2973 | D:5      | Entered Level 5 of the Dungeon
  3116 | D:5      | Found Wech's Armour Boutique.
  3120 | D:5      | Found a staircase to the Ecumenical Temple.
  3456 | D:5      | Reached skill level 5 in Armour
  3513 | D:5      | Found a burning altar of Makhleb.
  3791 | D:6      | Got a coiled graven amulet
  3879 | D:6      | Noticed Grinder
  3888 | D:6      | Paralysed by Grinder for 5 turns
  3909 | D:6      | Killed Grinder
  3909 | D:6      | Reached skill level 8 in Axes
  3954 | D:6      | Reached XP level 9. HP: 65/71 MP: 9/9
  4408 | D:7      | Found a white marble altar of Elyvilon.
  4409 | D:7      | Found a bloodstained altar of Trog.
  4412 | D:7      | Found a shadowy altar of Dithmenos.
  4414 | D:7      | Found an iron altar of Okawaru.
  4414 | D:7      | Found a stormy altar of Qazlal.
  4414 | D:7      | Found a sacrificial altar of Ru.
  4415 | D:7      | Found a snail-covered altar of Cheibriados.
  4471 | D:7      | Found Lagikkusm's Antique Armour Boutique.
  4634 | D:7      | Found a glowing silver altar of Zin.
  4910 | D:8      | You fall through a shaft for 3 floors!
  4935 | D:11     | Reached skill level 9 in Axes
  4994 | D:11     | Noticed a cyclops
  5013 | D:11     | Killed a cyclops
  5030 | D:11     | Reached ***** piety under Trog
  5058 | D:10     | Entered Level 10 of the Dungeon
  5125 | D:10     | Noticed a hill giant
  5132 | D:10     | Killed a hill giant
  5132 | D:10     | Reached XP level 10. HP: 36/80 MP: 10/10
  5162 | D:10     | Found a portal to a secret trove of treasure.
  5320 | D:9      | Reached skill level 10 in Axes
  5531 | D:9      | Received a gift from Trog
  5641 | D:8      | Found an ancient bone altar of Kikubaaqudgha.
  5677 | D:8      | Identified the amulet of Ungurr {Inacc *Contam rPois rF- Str+10} (You found it on level 6 of the Dungeon)
  5933 | D:8      | Found a staircase to the Lair.
  7077 | D:10     | Noticed Nergalle
  7093 | D:10     | Killed Nergalle
  7246 | D:10     | Reached skill level 11 in Axes
  7493 | D:10     | Noticed a hill giant
  7498 | D:10     | Killed a hill giant
  7498 | D:10     | Received a gift from Trog
  7505 | D:10     | Noticed an ice statue
  7505 | D:10     | Noticed an orange crystal statue
  7671 | D:11     | Noticed Urug
  7681 | D:11     | Killed Urug
  7681 | D:11     | Gained mutation: You have claws for hands. [demonic ancestry]
  7681 | D:11     | Reached XP level 11. HP: 89/89 MP: 7/11
  7810 | D:11     | Found Reubish's Gadget Shop.
  7847 | D:11     | Noticed a gargoyle
  7852 | D:11     | Killed a gargoyle
  8075 | D:12     | Noticed a skeletal warrior
  8075 | D:12     | Noticed a skeletal warrior
  8075 | D:12     | Noticed a skeletal warrior
  8085 | D:12     | Killed a skeletal warrior
  8092 | D:12     | Killed a skeletal warrior
  8098 | D:12     | Killed a skeletal warrior
  8106 | D:12     | Found a staircase to the Orcish Mines.
  8160 | D:12     | Noticed an eight-headed hydra
  8161 | D:12     | Reached skill level 12 in Axes
  8180 | D:12     | Killed a nine-headed hydra
  8295 | Lair:1   | Entered Level 1 of the Lair of Beasts
  8406 | Lair:1   | Noticed Fannar
  8424 | Lair:1   | Killed Fannar
  8547 | Lair:1   | Reached skill level 10 in Fighting
  9142 | Lair:1   | Reached XP level 12. HP: 94/97 MP: 12/12
  9344 | D:5      | Bought a +0 buckler of poison resistance for 85 gold pieces
  9366 | D:5      | Bought a +0 buckler for 45 gold pieces
  9640 | Lair:2   | Received a gift from Trog
  9804 | Lair:2   | Reached skill level 13 in Axes
  9831 | Lair:2   | Noticed Erica
  9843 | Lair:2   | Killed Erica
 10498 | Lair:3   | Noticed Maud
 10520 | Lair:3   | Killed Maud
 10584 | Lair:3   | Received a gift from Trog
 10584 | Lair:3   | Reached skill level 10 in Armour
 10763 | Lair:3   | Noticed a four-headed hydra
 10774 | Lair:3   | Killed a ten-headed hydra
 10979 | Lair:3   | Reached skill level 14 in Axes
 11273 | Lair:3   | Gained mutation: Your magical capacity is low (-10% MP). [potion of mutation]
 11273 | Lair:3   | Gained mutation: You expend magic power (3 MP) to strengthen your wands. [potion of mutation]
 11273 | Lair:3   | Gained mutation: You are clumsy. (Dex -2) [potion of mutation]
 11489 | Lair:4   | Gained mutation: You passively map a small area around you. [potion of mutation]
 11489 | Lair:4   | Gained mutation: You are very clumsy. (Dex -4) [potion of mutation]
 11638 | Lair:4   | Found a staircase to the Swamp.
 11656 | Lair:4   | Found a hole to the Spider Nest.
 11688 | Lair:4   | Reached XP level 13. HP: 90/106 MP: 3/11
 11817 | Lair:4   | Got a steaming tin ring
 12197 | Lair:4   | You fall through a shaft for 3 floors!
 12490 | Lair:6   | Received a gift from Trog
 12859 | Lair:6   | Received a gift from Trog
 12984 | Lair:6   | Reached ****** piety under Trog
 13404 | Lair:6   | Identified the ring "Jureacie" {rElec rC- rN++ EV+3 Stlth-} (You found it on level 4 of the Lair of Beasts)
 13657 | Lair:7   | Reached skill level 15 in Axes
 13948 | Lair:7   | Received a gift from Trog
 14040 | Lair:7   | HP: 8/163 [death yak (19)]
 14797 | Lair:5   | Gained mutation: You are completely covered in rough black scales (AC +10, Dex -3). [demonic ancestry]
 14797 | Lair:5   | Reached XP level 14. HP: 116/116 MP: 4/12
 15600 | Lair:2   | Got a crystal battleaxe {god gift}
 15601 | Lair:2   | Identified the +7 battleaxe of Yphemmon {venom, MR++} (Trog gifted it to you on level 2 of the Lair of Beasts)
 15746 | Lair:8   | Entered Level 8 of the Lair of Beasts
 15769 | Lair:8   | Found a staircase to the Slime Pits.
 16096 | Lair:8   | Received a gift from Trog
 16173 | Lair:8   | Identified The Foundations of Spellweaving
 16315 | Lair:8   | Reached skill level 16 in Axes
 16517 | Lair:8   | Paralysed by a wasp for 1 turns
 17030 | Orc:1    | Entered Level 1 of the Orcish Mines
 17052 | Orc:1    | Found Ovinus's Magic Scroll Boutique.
 17100 | Orc:1    | Bought a scroll of identify for 26 gold pieces
 17100 | Orc:1    | Bought 2 scrolls of identify for 52 gold pieces
 17100 | Orc:1    | Bought a scroll of teleportation for 39 gold pieces
 17100 | Orc:1    | Bought a scroll of teleportation for 39 gold pieces
 17100 | Orc:1    | Bought a scroll of identify for 26 gold pieces
 17100 | Orc:1    | Bought a scroll of teleportation for 39 gold pieces
 17100 | Orc:1    | Bought a scroll of enchant armour for 97 gold pieces
 17100 | Orc:1    | Bought a scroll of identify for 26 gold pieces
 17100 | Orc:1    | Bought a scroll of blinking for 97 gold pieces
 17100 | Orc:1    | Bought a scroll of magic mapping for 45 gold pieces
 17255 | Orc:2    | Found Kazalup's Magic Scroll Boutique.
 17287 | Orc:2    | Bought a scroll of teleportation for 51 gold pieces
 17287 | Orc:2    | Bought a scroll of teleportation for 51 gold pieces
 17379 | Orc:2    | Received a gift from Trog
 17707 | Orc:3    | Noticed Donald
 17718 | Orc:3    | Killed Donald
 18016 | Orc:4    | Entered Level 4 of the Orcish Mines
 18203 | Orc:4    | Noticed Saint Roka
 18242 | Orc:4    | Received a gift from Trog
 18243 | Orc:4    | Killed Saint Roka
 18485 | Orc:4    | Found Pol Geqo's Assorted Antiques.
 18582 | Orc:4    | Noticed an orc warlord
 18613 | Orc:4    | Killed an orc warlord
 18684 | Orc:4    | Received a gift from Trog
 18841 | Orc:4    | Found Tias's Antique Armour Emporium.
 18842 | Orc:4    | Found Ziaxtad's Antique Weapon Emporium.
 18844 | Orc:4    | Found Geegg's General Store.
 18844 | Orc:4    | Found Hauloeji's Jewellery Shoppe.
 18861 | Orc:4    | Bought a runed helmet for 139 gold pieces
 18861 | Orc:4    | Bought a pair of embroidered boots for 139 gold pieces
 18869 | Orc:4    | Bought a scroll of teleportation for 39 gold pieces
 18869 | Orc:4    | Bought a bread ration for 65 gold pieces
 18869 | Orc:4    | Bought a scroll of identify for 26 gold pieces
 18869 | Orc:4    | Bought a scroll of enchant armour for 97 gold pieces
 18869 | Orc:4    | Bought a scroll of magic mapping for 45 gold pieces
 18869 | Orc:4    | Bought a scroll of blinking for 97 gold pieces
 18897 | Orc:4    | Gained mutation: Your muscles are strong. (Str +2) [potion of beneficial mutation]
 18898 | Orc:4    | Lost mutation: Your muscles are strong. (Str +2) [potion of cure mutation]
 18898 | Orc:4    | Lost mutation: Your magical capacity is low (-10% MP). [potion of cure mutation]
 18898 | Orc:4    | Lost mutation: You are very clumsy. (Dex -4) [potion of cure mutation]
 18898 | Orc:4    | Lost mutation: You expend magic power (3 MP) to strengthen your wands. [potion of cure mutation]
 18967 | Orc:4    | Gained mutation: Your flesh is heat resistant. [demonic ancestry]
 18967 | Orc:4    | Reached XP level 15. HP: 124/124 MP: 15/15
 19270 | D:12     | Found an ancient bone altar of Kikubaaqudgha.
 19271 | D:12     | Noticed a hill giant
 19277 | D:12     | Killed a hill giant
 19306 | D:12     | Noticed Kirke
 19322 | D:12     | Killed Kirke
 19322 | D:12     | Reached skill level 17 in Axes
 19380 | D:12     | Noticed a hill giant
 19386 | D:12     | Killed a hill giant
 19436 | D:12     | Noticed a hill giant
 19438 | D:12     | Found a snail-covered altar of Cheibriados.
 19443 | D:12     | Killed a hill giant
 19792 | Swamp:1  | Entered Level 1 of the Swamp
 19869 | Swamp:1  | Noticed a thorn hunter
 19902 | Swamp:1  | Killed a thorn hunter
 19906 | Swamp:1  | Received a gift from Trog
 20475 | Swamp:1  | Identified a scroll of acquirement
 20865 | Swamp:1  | Lost mutation: You are clumsy. (Dex -2) [mutagenic meat]
 20866 | Swamp:1  | Gained mutation: You passively map the area around you. [mutagenic meat]
 20867 | Swamp:1  | Gained mutation: You have sharp toenails. [mutagenic meat]
 20868 | Swamp:1  | Gained mutation: You can breathe flames. [mutagenic meat]
 21085 | Swamp:1  | Gained mutation: You have a pair of small horns on your head. [mutagenic meat]
 21086 | Swamp:1  | Gained mutation: You tend to lose your temper in combat. [mutagenic meat]
 21087 | Swamp:1  | Gained mutation: Your spells are a little easier to cast, but a little less powerful. [mutagenic meat]
 21088 | Swamp:1  | Gained mutation: Scrolls take you a little longer to read. [mutagenic meat]
 21307 | Swamp:2  | Noticed Roxanne
 21312 | Swamp:2  | Noticed bl4d3's ghost (journeyman GrFi)
 21326 | Swamp:2  | Received a gift from Trog
 21328 | Swamp:2  | Killed bl4d3's ghost
 21350 | Swamp:2  | Killed Roxanne
 21711 | Swamp:2  | Lost mutation: Your spells are a little easier to cast, but a little less powerful. [potion of cure mutation]
 21711 | Swamp:2  | Lost mutation: You have a pair of small horns on your head. [potion of cure mutation]
 21711 | Swamp:2  | Lost mutation: Scrolls take you a little longer to read. [potion of cure mutation]
 21711 | Swamp:2  | Lost mutation: You can breathe flames. [potion of cure mutation]
 21727 | Swamp:2  | Noticed Louise
 21741 | Swamp:2  | Killed Louise
 21806 | Swamp:3  | Reached skill level 18 in Axes
 22032 | Swamp:3  | Gained mutation: Your magical and physical power is slightly enhanced at high health. [demonic ancestry]
 22032 | Swamp:3  | Reached XP level 16. HP: 132/134 MP: 16/16
 22264 | Swamp:3  | Received a gift from Trog
 22286 | Swamp:3  | Found a radiant altar of Vehumet.
 22298 | Swamp:3  | Paralysed by a hornet for 4 turns
 22744 | Swamp:4  | Entered Level 4 of the Swamp
 22961 | Swamp:4  | Got a decaying rune of Zot
 23076 | Swamp:4  | Received a gift from Trog
 23670 | Spider:1 | Entered Level 1 of the Spider Nest
 23758 | Spider:1 | Reached skill level 15 in Fighting
 23758 | Spider:1 | Reached skill level 19 in Axes
 23956 | Spider:1 | Noticed Rupert
 23979 | Spider:1 | Killed Rupert
 24024 | Spider:1 | Received a gift from Trog
 24661 | Spider:2 | Gained mutation: Your magical and physical power is enhanced at high health. [demonic ancestry]
 24661 | Spider:2 | Reached XP level 17. HP: 142/142 MP: 17/17
 24666 | Spider:2 | You fall through a shaft!
 25096 | Spider:3 | Got a steaming bronze amulet
 25123 | Spider:3 | Identified the amulet of Fexteops {Faith Str+4} (You found it on level 3 of the Spider Nest)
 25751 | Spider:2 | Received a gift from Trog
 25897 | Spider:4 | Entered Level 4 of the Spider Nest
 26091 | Spider:4 | Received a gift from Trog
 26699 | Spider:4 | Reached skill level 20 in Axes
 26711 | Spider:4 | Received a gift from Trog
 26811 | Spider:4 | Got a gossamer rune of Zot
 26819 | Spider:4 | Gained mutation: Your muscles are strong. (Str +2) [mutagenic meat]
 26820 | Spider:4 | Lost mutation: You have sharp toenails. [mutagenic meat]
 26821 | Spider:4 | Gained mutation: You are resistant to electric shocks. [mutagenic meat]
 26822 | Spider:4 | Lost mutation: Your muscles are strong. (Str +2) [mutagenic meat]
 26823 | Spider:4 | Gained mutation: You have supernaturally acute eyesight. [mutagenic meat]
 27332 | Slime:1  | Entered Level 1 of the Pits of Slime
 27334 | Slime:1  | Gained mutation: You often lose your temper in combat. [a shining eye]
 27338 | Slime:1  | Gained mutation: You regenerate slowly when monsters are visible. [a shining eye]
 27341 | Slime:1  | Gained mutation: You are frail (-10% HP). [a shining eye]
 27343 | Slime:1  | Gained mutation: You are occasionally teleported next to monsters. [a shining eye]
 27348 | Slime:1  | Gained mutation: Your system is resistant to poisons. [a shining eye]
 27349 | Slime:1  | Lost mutation: You regenerate slowly when monsters are visible. [a shining eye]
 27355 | Slime:1  | Gained mutation: Armour fits poorly on your strangely shaped body. [a shining eye]
 27357 | Slime:1  | Gained mutation: You are clumsy. (Dex -2) [a shining eye]
 27360 | Slime:1  | HP: 6/193 [acid (5)]
 27363 | Lair:8   | Slain by a very large slime creature

Action                   |  1- 3 |  4- 6 |  7- 9 | 10-12 | 13-15 | 16-18 || total
-------------------------+-------+-------+-------+-------+-------+-------++-------
Melee: Hand axe          |   126 |   139 |   220 |       |       |       ||   485
       Battleaxe         |       |       |   294 |   431 |   948 |   113 ||  1786
       Broad axe         |       |       |       |   322 |   398 |   727 ||  1447
Invok: Berserk           |     4 |     4 |     3 |     7 |     8 |     2 ||    28
       Trog's Hand       |       |     1 |       |     2 |     7 |     1 ||    11
       Brothers in Arms  |       |       |       |     1 |       |       ||     1
       Burn Spellbooks   |       |       |       |     1 |     5 |     2 ||     8
Evoke: Wand              |       |       |       |       |       |     1 ||     1
  Use: Scroll            |       |       |       |    28 |    14 |     5 ||    47
       Potion            |       |       |       |     5 |     7 |    10 ||    22
 Stab: Invisible         |       |       |       |       |       |     4 ||     4
       Held in net/web   |       |       |       |       |       |     1 ||     1
  Eat: Chunk             |     3 |     2 |     9 |    23 |    29 |     7 ||    73
       Bread ration      |     1 |       |       |       |       |       ||     1
       Fruit             |       |     2 |     3 |     3 |     2 |     5 ||    15
       Pizza             |       |       |     1 |     5 |     7 |     2 ||    15
       Meat ration       |       |       |     1 |     2 |     3 |     3 ||     9
       Royal jelly       |       |       |       |       |     1 |       ||     1
